 Dungeon Crawl Stone Soup version 0.31-a0-590-g8a5a4361df (webtiles) character file.

Game seed: 4285650054559748626

7 thirtiethelement the Firebug (level 1, 0/18 HPs)
             Began as a Demonspawn Cinder Acolyte on Aug 20, 2023.
             Was a High Priest of Ignis.
             Slain by a ball python (3 damage)
             ... on level 1 of the Dungeon.
             The game lasted 00:00:35 (180 turns).

thirtiethelement the Firebug (DsCA)                  Turns: 180, Time: 00:00:36

Health: 0/18       AC:  2    Str: 14    XL:     1   Next: 91%
Magic:  2/2        EV:  8    Int: 15    God:    Ignis [*****.]
Gold:   18         SH:  0    Dex:  8    Spells: 2/2 levels left

rFire   + . .        a - -1 falchion (flame)
rCold   . . .        (no shield)
rNeg    . . .        b - +0 robe
rPois   .            (no helmet)
rElec   .            (no cloak)
rCorr   .            (no gloves)
SInv    .            (no boots)
Will    .....        (no amulet)
Stlth   +            d - ring of flight
HPRegen 0.23/turn    (no ring)
MPRegen 0.08/turn

%: no passive effects
@: flying, constricted
A: no striking features
a: Renounce Religion, Fiery Armour, Foxfire Swarm, Rising Flame


You were on level 1 of the Dungeon.
You worshipped Ignis.
Ignis was extremely pleased with you.
You visited 1 branch of the dungeon, and saw 1 of its levels.

You collected 18 gold pieces.

Inventory:

Hand Weapons
 a - a -1 falchion of flaming (weapon)
Armour
 b - a +0 robe (worn)
Jewellery
 d - a ring of flight (left hand)
Scrolls
 e - a scroll of summoning {unknown}
 f - a scroll of teleportation {unknown}
Potions
 c - a potion of haste {unknown}


   Skills:
 + Level 3.0 Fighting
 + Level 2.7 Long Blades
 + Level 0.1 Dodging
 + Level 1.0 Spellcasting
 + Level 3.1 Fire Magic


You had 2 spell levels left.
You didn't know any spells.
Your spell library contained the following spells:

 Spells                   Type           Power      Damage    Failure   Level
 Scorch                   Fire           20%        2d5       11%         2


Dungeon Overview and Level Annotations

Branches:
Dungeon (1/15)

Altars:


Message History

The kobold hits you with a +0 short sword.
You are too injured to fight recklessly!
You are too injured to fight recklessly!
You are too injured to fight recklessly!
You closely miss the kobold. The kobold hits you but does no damage.
You closely miss the kobold. The kobold barely misses you.
The kobold closely misses you.
You hit the kobold. You burn the kobold.
You kill the kobold!
Your Fire Magic skill increases to level 3!
You now have 18 gold pieces (gained 10).
A kobold and a goblin come into view.
The goblin is wielding a +1 dagger of speed.
The goblin shouts!
The kobold shouts!
You hear an angry hiss.
You barely miss the goblin. The goblin hits you but does no damage.
You closely miss the goblin.
A ball python comes into view.
The goblin closely misses you.
The goblin hits you with a +1 dagger of speed.
You miss the goblin.
The goblin hits you with a +1 dagger of speed.
The goblin hits you but does no damage.
You hit the goblin. You burn the goblin.
You kill the goblin!
The ball python closely misses you. The ball python grabs you.
The ball python constricts you. The ball python bites you.
The ball python constricts you.
The kobold hits you with a +0 short sword.
You completely miss the kobold. The ball python bites you.
The ball python constricts you. The kobold completely misses you.
You hit the kobold. You burn the kobold.
You kill the kobold!
The ball python bites you. The ball python constricts you.
The ball python closely misses you. The ball python constricts you.
You closely miss the ball python. The ball python bites you.
* * * LOW HITPOINT WARNING * * *
The ball python constricts you.
* * * LOW HITPOINT WARNING * * *
You closely miss the ball python. The ball python bites you.
You die...

####### ......##
##.....# ...###.##
...#⌠#..## .#.###...#
.........##########
..................###
.##.#....###....@S..#
.##)##.#.# ######)#.#
..#.##.#.# .#
.........# .#
.....##### .# #.##.#
.# . .# .. #. .. .#


You could see a ball python.

Vanquished Creatures
  A hobgoblin (D:1)
  A ball python (D:1)
  A bat (D:1)
  A goblin (D:1)
  2 kobolds (D:1)
  3 rats (D:1)
9 creatures vanquished.

Notes
Turn   | Place    | Note
-------+----------+-------------------------------------------
     0 | D:1      | thirtiethelement the Demonspawn Cinder Acolyte began the
                  | quest for the Orb.
     0 | D:1      | Reached XP level 1. HP: 18/18 MP: 2/2
   180 | D:1      | Slain by a ball python

Illustrated notes

Levels and vault maps discovered:
D:1:      dpeg_arrival_simpleton_c, layout_loops_ring, feat_on_display

Skill      XL: |  1 |
---------------+----+-----
Fire Magic     | 3 |  3.1
Fighting       | |  3.0
Long Blades    | |  2.7
Dodging        | |  0.1
Spellcasting   | |  1.0

Action                     || total
---------------------------++-------
  Melee: Falchion          ||    29
 Armour: Robe              ||     6
  Dodge: Dodged            ||    15

Table legend: (Time is in decaauts)
 A = Elapsed time spent in this place.
 B = Non-inter-level travel time spent in this place.
 C = Inter-level travel time spent in this place.
 D = Time resting spent in this place.
 E = Time spent auto-exploring this place.
 F = Levels seen in this place.
 G = Mean time per level.
                   A        B        C        D        E       F      G
               +--------+--------+--------+--------+--------+-----+--------+
         Total |    184 |    184 |      0 |      0 |    119 |   1 |  184.0 |
       Dungeon |    184 |    184 |      0 |      0 |    119 |   1 |  184.0 |
               +--------+--------+--------+--------+--------+-----+--------+

Top non-repeatable levels by time:
     D:1: 184 daAuts
